 Dungeon Sprint DCSS version 0.29-a0-824-gd827844252 (webtiles) character file.

Game seed: 13446995725933227065

1106 mhtbhm the Basher (level 8, 0/85 HPs)
             Began as a Minotaur Berserker on July 9, 2022.
             Was an Elder of Trog.
             Killed from afar by an orc wizard (10 damage)
             ... with a magic dart
             ... in the Dungeon (Sprint IX: "|||||||||||||||||||||||||||||").
             The game lasted 00:00:38 (211 turns).

mhtbhm the Basher (Minotaur Berserker)               Turns: 211, Time: 00:00:39

Health: 0/85       AC:  3    Str: 29    XL:     8   Next: 11%
Magic:  7/7        EV: 14    Int:  4    God:    Trog [****..]
Gold:   0          SH:  0    Dex: 11    Spells: 7/7 levels left

rFire   . . .      SeeInvis .   a - +2 morningstar (protect)
rCold   . . .      Faith    .   (no shield)
rNeg    . . .      Spirit   .   b - +0 animal skin
rPois   .          Reflect  .   (helmet restricted)
rElec   .          Harm     .   (no cloak)
rCorr   .          Rampage  .   k - +0 pair of gloves
Will    .....      NoTele   +   (no boots)
Stlth   +.........              (no amulet)
HPRegen 0.24/turn               l - +3 ring of strength
MPRegen 0.10/turn               m - +3 ring of strength

@: on berserk cooldown, slowed, very slow
A: horns 2, retaliatory headbutt
a: Renounce Religion, Berserk, Trog's Hand, Brothers in Arms


You were in the Dungeon.
You worshipped Trog.
Trog was greatly pleased with you.
You visited 1 branch

Inventory:

Hand Weapons
 a - a +2 morningstar of protection (weapon)
Armour
 b - a +0 animal skin (worn)
 k - a +0 pair of gloves (worn)
Jewellery
 l - a +3 ring of strength (left hand)
 m - a +3 ring of strength (right hand)
Wands
 j - a wand of quicksilver (9)
Scrolls
 h - 2 scrolls of blinking
Potions
 c - 5 potions of curing
 d - 2 potions of heal wounds
 e - a potion of haste
 f - 4 potions of magic
 g - a potion of berserk rage
 i - a potion of invisibility


   Skills:
 + Level 12.9 Fighting
 + Level 14.6 Maces & Flails
 + Level 6.7 Armour
 + Level 6.9 Dodging
 + Level 0.2 Stealth


You had 7 spell levels left.
You didn't know any spells.
Your spell library was empty.

Dungeon Overview and Level Annotations

Branches:
Dungeon (1/1)

Altars:
Cheibriados
Dithmenos
Elyvilon
Fedhas
Gozag
Hepliaklqana
Kikubaaqudgha
Makhleb
Nemelex Xobeh
Okawaru
Qazlal
Ru
Sif Muna
Trog
Uskayaw
Vehumet
Wu Jian
Xom
Yredelemnul
Zin
The Shining One
Jiyva
Lugonu


Innate Abilities, Weirdness & Mutations

You have a pair of horns on your head.
You reflexively headbutt those who attack you in melee.


Message History

You hear some strange, mumbled words.
Your Fighting skill increases to level 12!
Your Maces & Flails skill increases to level 13!
Your Armour skill increases to level 6!
Your Dodging skill increases to level 6!
Unknown command.
You barely miss something. Something hits you.
* * * LOW HITPOINT WARNING * * *
You impale something!! Your headbutt misses something.
Your punch misses something. Something hits you but does no damage.
Something barely misses you.
Unknown command.
You closely miss something.
Unknown command.
You barely miss something. Something hits you.
* * * LOW HITPOINT WARNING * * *
You sock something! Trog accepts your kill.
Reactivating autopickup.
You feel a bit more experienced.
You are no longer berserk.
You are exhausted.
You feel yourself slow down.
Your Maces & Flails skill increases to level 14!
You have reached level 8!
You feel agile.
Something is blocking the doorway!
Something hits you but does no damage.
Deactivating autopickup; reactivate with Ctrl-A.
Aiming: Quicksilver Bolt
Press: ? - help, Shift-Dir - straight line, f - vampire mosquito
Aim: a vampire mosquito (53% to hit)
The bolt of dispelling energy hits something!
Reactivating autopickup.
The orc wizard's magical effects unravel!
The bolt of dispelling energy hits the vampire mosquito!
The vampire mosquito is heavily damaged.
The orc wizard closely misses you. The orc wizard casts a spell at you.
The magic dart hits you!
You die... ▓▓▓▓▓▓▓▓▓▓▓▓▓▓▓▓▓▓▓▓▓▓▓▓▓ +.....yo@.[[..)).'_______ ▓▓▓▓▓▓▓▓▓▓▓▓▓▓▓▓▓▓▓▓▓▓▓▓▓

You could see a vampire mosquito and an orc wizard.

Vanquished Creatures
  2 gargoyles (D)
  An unseen horror (D)
  A wyvern (D)
  A phantom (D)
  An iguana (D)
  A dart slug (D)
  2 orcs (D)
  2 ball pythons (D)
  An endoplasm (D)
  A frilled lizard (D)
  A goblin (D)
14 creatures vanquished.

Notes
Turn   | Place    | Note
-------+----------+-------------------------------------------
     0 | D        | mhtbhm the Minotaur Berserker began the quest for the Orb.
     0 | D        | Reached XP level 1. HP: 19/19 MP: 0/0
     7 | D        | Reached skill level 4 in Maces & Flails
     8 | D        | Reached ** piety under Trog
    67 | D        | Noticed a phantom
    67 | D        | Noticed an iguana
    72 | D        | Reached *** piety under Trog
    73 | D        | Reached XP level 2. HP: 28/28 MP: 1/1
    78 | D        | Reached skill level 5 in Fighting
    78 | D        | Reached skill level 6 in Maces & Flails
    78 | D        | Reached XP level 3. HP: 37/37 MP: 2/2
    84 | D        | Killed a phantom
    85 | D        | Reached skill level 8 in Maces & Flails
    85 | D        | Reached XP level 4. HP: 44/47 MP: 3/3
    93 | D        | Found a snail-covered altar of Cheibriados.
    93 | D        | Found a shadowy altar of Dithmenos.
    93 | D        | Found a white marble altar of Elyvilon.
    93 | D        | Found a blossoming altar of Fedhas.
    93 | D        | Found an opulent altar of Gozag.
    94 | D        | Found a hazy altar of Hepliaklqana.
    95 | D        | Found a viscous altar of Jiyva.
    96 | D        | Found an ancient bone altar of Kikubaaqudgha.
    97 | D        | Found a corrupted altar of Lugonu.
    98 | D        | Found a burning altar of Makhleb.
    99 | D        | Found a sparkling altar of Nemelex Xobeh.
   100 | D        | Found an iron altar of Okawaru.
   101 | D        | Found a stormy altar of Qazlal.
   102 | D        | Found a sacrificial altar of Ru.
   103 | D        | Found a shimmering blue altar of Sif Muna.
   104 | D        | Found a bloodstained altar of Trog.
   105 | D        | Found a hide-covered altar of Uskayaw.
   106 | D        | Found a radiant altar of Vehumet.
   107 | D        | Found an ornate altar of the Wu Jian Council.
   108 | D        | Found a shimmering altar of Xom.
   109 | D        | Found a basalt altar of Yredelemnul.
   110 | D        | Found a glowing silver altar of Zin.
   111 | D        | Found a glowing golden altar of the Shining One.
   189 | D        | Noticed a vampire mosquito
   189 | D        | Noticed a gargoyle
   189 | D        | Noticed a gargoyle
   189 | D        | Noticed a wyvern
   197 | D        | Killed a wyvern
   198 | D        | Reached skill level 10 in Maces & Flails
   198 | D        | Reached skill level 5 in Armour
   198 | D        | Reached XP level 5. HP: 56/57 MP: 4/4
   199 | D        | Killed a gargoyle
   199 | D        | Reached **** piety under Trog
   200 | D        | Reached skill level 12 in Maces & Flails
   200 | D        | Reached skill level 5 in Dodging
   200 | D        | Reached XP level 6. HP: 43/68 MP: 5/5
   200 | D        | Reached XP level 7. HP: 47/74 MP: 6/6
   203 | D        | Killed a gargoyle
   204 | D        | Reached skill level 13 in Maces & Flails
   208 | D        | Killed an unseen horror
   209 | D        | Reached skill level 14 in Maces & Flails
   209 | D        | Reached XP level 8. HP: 9/85 MP: 7/7
   211 | D        | Killed from afar by an orc wizard

Illustrated notes

Levels and vault maps discovered:
D:        linesprint [early_d, line_temple, items_1, d_10, items_2, lair_1,
          lair_end, items_3, orc_1, orc_end, items_4, d_15, swamp_1, shoals_1,
          snake_1, spider_1, d_20, vaults_1, items_5, swamp_end, shoals_end,
          snake_end, spider_end, vaults_end, d_27, items_6, zot_1, zot_end,
          crypt_end, forest_end, elf_end, slime_end, tomb_end, abyss_end,
          pan_hell_end]

Skill      XL: |  1  2  3  4  5  6  7 |
---------------+----------------------+-----
Fighting       | 4 5 7 9 11 12 | 12.9
Maces & Flails | 4 6 8 10 12 14 | 14.6
Armour         | 3 4 5 6 |  6.7
Dodging        | 3 4 5 6 |  6.9
Stealth        | |  0.2

Action                   |  1- 3 |  4- 6 |  7- 9 || total
-------------------------+-------+-------+-------++-------
Melee: Mace              |    22 |       |       ||    22
       Headbutt          |     3 |     3 |     2 ||     8
       Morningstar       |       |     8 |     8 ||    16
Invok: Berserk           |     1 |     1 |       ||     2
Evoke: Wand              |       |       |     1 ||     1
  Use: Potion            |       |     1 |       ||     1
Armor: Animal skin       |     1 |     1 |     2 ||     4
Dodge: Dodged            |     4 |     5 |     2 ||    11

Table legend: (Time is in decaauts)
 A = Elapsed time spent in this place.
 B = Non-inter-level travel time spent in this place.
 C = Inter-level travel time spent in this place.
 D = Time resting spent in this place.
 E = Time spent auto-exploring this place.
 F = Levels seen in this place.
 G = Mean time per level.
                   A        B        C        D        E       F      G
               +--------+--------+--------+--------+--------+-----+--------+
         Total |    216 |    216 |      0 |     88 |      0 |   1 |  216.0 |
       Dungeon |    216 |    216 |      0 |     88 |      0 |   1 |  216.0 |
               +--------+--------+--------+--------+--------+-----+--------+

Top non-repeatable levels by time:
       D: 216 daAuts
